 Dungeon Crawl Stone Soup version 0.31-a0-267-g3fc6992b3b (webtiles) character file.

Game seed: 4890359837845130074

1218 qw the Skirmisher (level 8, -2/70 HPs)
             Began as a Minotaur Hexslinger on July 13, 2023.
             Slain by a gnoll
             ... wielding a +0 spear
             ... led by a gnoll bouda
              (3 damage)
             ... on level 5 of the Dungeon.
             The game lasted 00:02:23 (3772 turns).

qw the Skirmisher (Minotaur Hexslinger)             Turns: 3772, Time: 00:02:24

Health: -2/70      AC:  6    Str: 13    XL:     8   Next: 22%
Magic:  17/17      EV: 14    Int: 10    God:
Gold:   187        SH:  5    Dex: 20    Spells: 8/9 levels left

rFire   . . .        Y - +1 sling
rCold   . . .        (no shield)
rNeg    . . .        o - +2 robe "Qell" {*Corrode MP+9 Dex+5}
rPois   +            (helmet restricted)
rElec   .            p - +0 cloak
rCorr   .            (no gloves)
SInv    .            f - +0 pair of boots
Will    .....        l - amulet of reflection
Stlth   ++           j - +4 ring of protection
HPRegen 0.31/turn    n - ring of poison resistance
MPRegen 0.15/turn

%: corrode self (3%), reflection
@: about to teleport, corroded
A: horns 2, retaliatory headbutt
a: no special abilities


You were on level 5 of the Dungeon.
You visited 2 branches of the dungeon, and saw 6 of its levels.

You collected 243 gold pieces.
You spent 56 gold pieces at shops.


Innate Abilities, Weirdness & Mutations

You have a pair of horns on your head.
You reflexively headbutt those who attack you in melee.


   Skills:
 + Level 5.6 Fighting
 - Level 9.0 Ranged Weapons
 - Level 1.5 Armour
 - Level 4.0 Dodging
 - Level 1.0 Spellcasting
 - Level 2.0 Hexes


You had 8 spell levels left.
You knew the following spells:

 Your Spells              Type           Power      Damage    Failure   Level
a - Slow                  Hex            16%        N/A       16%         1

Your spell library contained the following spells:

 Spells                   Type           Power      Damage    Failure   Level
 Inner Flame              Hex/Fire       2%         N/A       56%         3
 Portal Projectile        Hex/Tloc       4%         N/A       56%         3
 Cause Fear               Hex            2%         N/A       83%         4

Inventory:

Hand Weapons
 Y - a +1 sling (weapon)
Armour
 f - a +0 pair of boots (worn)
 o - the +2 robe "Qell" (worn) {*Corrode MP+9 Dex+5}
   (You found it on level 3 of the Dungeon)

   Dex:       It affects your dexterity (+5).
   MP:        It affects your magic capacity (+9).
   *Corrode:  It may corrode you when you take damage.
 p - a +0 cloak (worn)
Jewellery
 j - a +4 ring of protection (left hand)
 l - an amulet of reflection (around neck)
 n - a ring of poison resistance (right hand)
Scrolls
 h - 2 scrolls of teleportation
 i - a scroll of identify
Potions
 a - 4 potions of curing
 b - a potion of attraction {unknown}
 c - a potion of ambrosia {unknown}
 d - a potion of degeneration {unknown}
 e - a potion of lignification {unknown}
 g - a potion of might
 k - a potion of haste {unknown}
 m - a potion of brilliance {unknown}
 q - a potion of invisibility {unknown}

Dungeon Overview and Level Annotations

Branches:
Dungeon (5/15)             Temple (1/1) D:4

Altars:
Ashenzari
Cheibriados
Dithmenos
Elyvilon
Fedhas
Gozag
Hepliaklqana
Kikubaaqudgha
Qazlal
Trog
Uskayaw
Vehumet
Wu Jian
Xom
Yredelemnul

Shops:
D:3 *

Annotations:
D:3 1 runed translucent door, qw's ghost, amateur MiHs


Message History

You headbutt the gnoll, but do no damage.
The gnoll sergeant hits you from afar with a +1 trident of protection!
You shoot a sling bullet.
The sling bullet hits the gnoll but does no damage.
The gnoll is almost dead.
The gnoll barely misses you.
A gnoll comes into view. It is wielding a +0 whip.
The gnoll sergeant hits you but does no damage.
You shoot a sling bullet. The gnoll shouts!
The sling bullet hits the gnoll.
You kill the gnoll!
The gnoll sergeant hits you from afar with a +1 trident of protection!
You shoot a sling bullet.
The sling bullet hits the gnoll sergeant but does no damage.
The gnoll sergeant is moderately wounded.
A hound comes into view.
The gnoll sergeant hits you from afar with a +1 trident of protection!
You shoot a sling bullet. The hound barks!
The sling bullet hits the gnoll sergeant!
The gnoll sergeant is heavily wounded.
The gnoll closely misses you.
You shoot a sling bullet.
The sling bullet barely misses the gnoll sergeant.
The sling bullet hits the gnoll.
The gnoll is moderately wounded.
The gnoll sergeant barely misses you.
The gnoll hits you from afar with a +0 spear.
You shoot a sling bullet.
The sling bullet closely misses the gnoll sergeant.
The sling bullet barely misses the gnoll.
The gnoll sergeant hits you from afar with a +1 trident of protection!
The gnoll hits you from afar with a +0 spear!
3772 ||| READING 3 scrolls of teleportation.
As you read the scroll of teleportation, it crumbles to dust.
You feel strangely unstable.
The gnoll sergeant hits you from afar with a +1 trident of protection.
The gnoll hits you from afar with a +0 spear.
You die...

.~~~~~. ~...
~~~~~... ~~..
.~h~~~~P.. ~~~..
.~.~~~~...
~~...####7.~~~~....
~~~.g....P~.~P~~.#
~~~..g##..~~.~~~##
#...gg.)..7.~~7..#
#####@.#...7.|####
##.#...)......
####..#..(.....#
.......%######..
.#####...##
..........######
#######.........
#.#.#...##
##.#.#.###


You could see a gnoll sergeant, a hound and 3 gnolls.

Vanquished Creatures
  A black bear (D:5)
  2 ogres
  A kobold brigand (D:3)
  2 scorpions
  Blork the orc (D:4)
  2 howler monkeys (D:3)
  3 hounds
  3 gnoll boudas
  An iguana (D:4)
  20 gnolls
  9 adders
  5 worms
  5 dart slugs
  26 orcs
  2 ball pythons
  5 endoplasms
  4 giant cockroaches
  9 goblins
  12 hobgoblins
  12 jackals
  6 kobolds
  3 quokkas (D:1)
  6 bats
  4 frilled lizards
  3 rats
147 creatures vanquished.

Notes
Turn   | Place    | Note
-------+----------+-------------------------------------------
     0 | D:1      | qw the Minotaur Hexslinger began the quest for the Orb.
     0 | D:1      | Reached XP level 1. HP: 16/16 MP: 1/1
     0 | D:1      | 0 ||| qw: Version: 0.3-a-52-g30416fa
     0 | D:1      | 0 ||| qw: Game counter: 7689
     0 | D:1      | 0 ||| qw: Melee chars always use a shield: true
     0 | D:1      | 0 ||| qw: God list: Okawaru
     0 | D:1      | 0 ||| qw: Allow faded altars: false
     0 | D:1      | 0 ||| qw: Do Orc after clearing Dungeon:15 true
     0 | D:1      | 0 ||| qw: Do second Lair branch before Depths: true
     0 | D:1      | 0 ||| qw: Lair rune preference: random
     0 | D:1      | 0 ||| qw: Goals: Normal
     0 | D:1      | 0 ||| PLANNING D:1-11
    55 | D:1      | Reached skill level 3 in Ranged Weapons
    75 | D:1      | Reached XP level 2. HP: 23/23 MP: 2/2
   206 | D:1      | 206 ||| FLEEEEING.
   214 | D:1      | 214 ||| FLEEEEING.
   215 | D:1      | 215 ||| FLEEEEING.
   329 | D:1      | 329 ||| Stepping ~*~*~tactically~*~*~ (outnumbered).
   528 | D:1      | Reached XP level 3. HP: 13/29 MP: 3/3
   863 | D:1      | 863 ||| UPGRADING to +0 pair of boots.
   868 | D:1      | 868 ||| UPGRADING to +0 leather armour.
   878 | D:1      | 878 ||| DROPPING +0 robe.
   879 | D:1      | 879 ||| UPGRADING to +0 ring mail.
   889 | D:1      | 889 ||| DROPPING +0 leather armour.
   890 | D:1      | 890 ||| UPGRADING to amulet of regeneration.
   895 | D:1      | 895 ||| DROPPING amulet of magic regeneration.
   896 | D:1      | 896 ||| UPGRADING to +4 ring of protection.
   897 | D:1      | 897 ||| READING scroll labelled PAIQUI KUOQUT.
   901 | D:1      | 901 ||| READING scroll labelled DEDO AS KYVO.
   902 | D:1      | 902 ||| READING scroll labelled DATUYHIFAU.
   903 | D:1      | 903 ||| DROPPING scroll of poison.
   928 | D:2      | 928 ||| STAIRDANCE
   943 | D:2      | 943 ||| STAIRDANCE
   946 | D:1      | Reached skill level 4 in Ranged Weapons
  1009 | D:2      | Reached skill level 1 in Armour
  1055 | D:2      | Found a faded altar of an unknown god.
  1115 | D:2      | Reached XP level 4. HP: 36/36 MP: 4/4
  1409 | D:3      | Found Ibawn's General Store.
  1427 | D:3      | 1427 ||| BUYING potion of might (56 gold).
  1427 | D:3      | Bought a potion of might for 56 gold pieces
  1555 | D:3      | Reached skill level 5 in Ranged Weapons
  1555 | D:3      | HP: 6/36 [gnoll/+0 spear (4)]
  1556 | D:3      | 1556 ||| READING 3 scrolls of teleportation.
  1559 | D:3      | 1559 ||| READING 2 scrolls of teleportation.
  1562 | D:3      | HP: 8/36 [orc/+0 club (4)]
  1562 | D:3      | HP: 3/36 [gnoll/+0 club (4)]
  1624 | D:3      | Reached skill level 3 in Fighting
  1624 | D:3      | Reached XP level 5. HP: 45/45 MP: 5/5
  1655 | D:3      | Reached skill level 6 in Ranged Weapons
  1668 | D:3      | Reached XP level 6. HP: 51/51 MP: 6/6
  1708 | D:3      | Identified the +2 robe "Qell" {*Corrode MP+9 Dex+5}
  1742 | D:3      | Found a runed translucent door.
  1742 | D:3      | Noticed qw's ghost (amateur MiHs)
  1750 | D:3      | 1750 ||| UPGRADING to +2 robe "Qell" {*Corrode MP+9 Dex+5}.
  1764 | D:3      | 1764 ||| DROPPING +0 ring mail.
  2036 | D:3      | Reached skill level 3 in Dodging
  2041 | D:3      | 2041 ||| Stepping ~*~*~tactically~*~*~ (outnumbered).
  2117 | D:3      | 2117 ||| Stepping ~*~*~tactically~*~*~ (outnumbered).
  2146 | D:3      | 2146 ||| Stepping ~*~*~tactically~*~*~ (outnumbered).
  2148 | D:3      | 2148 ||| Stepping ~*~*~tactically~*~*~ (outnumbered).
  2187 | D:3      | Reached skill level 7 in Ranged Weapons
  2188 | D:3      | Reached XP level 7. HP: 43/59 MP: 7/7
  2298 | D:3      | 2298 ||| UPGRADING to +0 cloak.
  2468 | D:3      | 2468 ||| UPGRADING to ring of poison resistance.
  2469 | D:3      | 2469 ||| READING scroll labelled HANLOUROIMN.
  2470 | D:3      | 2470 ||| READING scroll labelled HIC TUEM CYOF.
  2510 | D:4      | Noticed Blork the orc
  2515 | D:4      | Killed Blork the orc
  2558 | D:4      | Reached skill level 8 in Ranged Weapons
  2612 | D:4      | Found a staircase to the Ecumenical Temple.
  2613 | D:4      | 2613 ||| PLANNING TEMPLE
  2613 | D:4      | 2613 ||| DROPPING scarf of harm.
  2614 | D:4      | 2614 ||| READING scroll labelled UTSEIL IDAATUA.
  2615 | D:4      | 2615 ||| DRINKING 3 smoky blue potions.
  2624 | D:4      | 2624 ||| Stepping ~*~*~tactically~*~*~ (water).
  2629 | Temple   | Entered the Ecumenical Temple
  2749 | Temple   | 2749 ||| PLANNING D:1-11
  3163 | D:4      | Found a blossoming altar of Fedhas.
  3276 | D:4      | 3276 ||| UPGRADING to amulet of reflection.
  3286 | D:4      | 3286 ||| DROPPING amulet of regeneration.
  3317 | D:5      | Entered Level 5 of the Dungeon
  3338 | D:5      | Found a hazy altar of Hepliaklqana.
  3397 | D:5      | HP: 11/61 [ogre/+0 giant spiked club (35)]
  3398 | D:5      | 3398 ||| READING 4 scrolls of teleportation.
  3402 | D:5      | Found a radiant altar of Vehumet.
  3586 | D:5      | Reached skill level 9 in Ranged Weapons
  3586 | D:5      | Reached XP level 8. HP: 49/68 MP: 8/8
  3771 | D:5      | HP: 11/70 [gnoll sergeant/+1 trident of protection (10)]
  3771 | D:5      | HP: 3/70 [gnoll/+0 spear[a gnoll bouda] (8)]
  3772 | D:5      | 3772 ||| READING 3 scrolls of teleportation.
  3772 | D:5      | HP: 1/70 [gnoll sergeant/+1 trident of protection (3)]
  3772 | D:5      | Slain by a gnoll

Levels and vault maps discovered:
D:1:      minmay_arrival_four_loops, layout_basic, minmay_misc_feat_enclosed
D:2:      layout_rooms, shapermc_ecumenical_altar_gd
D:3:      lemuel_castle_with_subvaults [lemuel_castle_interior_carwin_1],
          layout_rooms, serial_shops, shop, hellmonk_ghost_happy_afterlife
D:4:      layout_loops_cross, lemuel_round_altar, temple_pool_b,
          uniq_blork_the_orc
D:5:      layout_rooms, old_standard_altar, mainiacjoe_overflow_cross_hatched,
          serial_bayou, serial_bayou_shore_a, serial_bayou_ford_a,
          serial_bayou_lake_a, serial_bayou_pond_b, lemuel_flamethrower_1
Temple:   nicolae_temple_godzebo

Skill      XL: |  1  2  3  4  5  6  7  8 |
---------------+-------------------------+-----
Ranged Weapons | 3 4 5 6 7 9 |  9.0
Fighting       | 2 3 4 5 |  5.6
Armour         | 1 |  1.5
Dodging        | 3 4 |  4.0
Spellcasting   | |  1.0
Hexes          | |  2.0

Action                     |  1- 3 |  4- 6 |  7- 9 || total
---------------------------+-------+-------+-------++-------
   Fire: Sling             |   141 |   284 |   214 ||   639
    Use: Scroll            |     3 |     2 |     5 ||    10
         Potion            |       |       |     1 ||     1
 Armour: Robe              |     2 |    15 |    23 ||    40
         Ring mail         |    30 |    42 |       ||    72
  Dodge: Dodged            |    51 |   146 |    61 ||   258
  Block: Other             |       |       |     9 ||     9

Table legend:
 A = Non-vault XP
 B = Vault XP
 C = Vault XP percentage of total XP
 D = Non-vault monster count
 E = Vault monster count
 F = Vault count percentage of total count
                 A         B        C        D         E       F
            +---------+---------+-------+---------+---------+-------
      Total |     864 |     877 |  50.4 |      90 |      57 |  38.8
            +---------+---------+-------+---------+---------+-------
        D:1 |      64 |       0 |   0.0 |      23 |       0 |   0.0
        D:2 |      72 |       0 |   0.0 |      22 |       0 |   0.0
        D:3 |      73 |     691 |  90.4 |      21 |      53 |  71.6
        D:4 |     309 |      81 |  20.8 |      15 |       1 |   6.2
        D:5 |     346 |     105 |  23.3 |       9 |       3 |  25.0
            +---------+---------+-------+---------+---------+-------
